Map: Arctic Dream LE

Players

qqq

  • Race: Zerg Zerg
  • League: Platinum
  • Spawn Location: 5:00

Massa

  • Race: Terran Terran
  • League: Gold
  • Spawn Location: 6:00

довакин - Winner!

  • Race: Protoss Protoss
  • League: Diamond
  • Spawn Location: 12:00

Ekidona - Winner!

  • Race: Terran Terran
  • League: Master
  • Spawn Location: 11:00

VOD

Have the link to the VOD?

Description

Time

  • Played on: July 31, 2020, 12:11 p.m.
  • Length: 10:55
Show
View Real Time Build Order
Export as new Build Order

qqq Zerg 

Build Orders: Hatch First 

Get SALT Encoding   

  12  0:01  Drone  
  13  0:08  Drone  
  14  0:37  Hatchery  
  13  0:43  Drone  
  14  0:56  Spawning Pool  
  13  1:07  Overlord  
  13  1:10  Drone  
  14  1:12  Extractor  
  14  1:17  Drone  
  14  1:34  Drone x2  
  16  1:40  Drone  
  16  1:45  Queen  
  19  1:49  Drone  
  20  1:58  Drone  
  21  2:02  Drone  
  21  2:06  Drone  
  23  2:11  Drone  
  24  2:17  Drone  
  25  2:24  Queen  
  25  2:25  Drone  
  28  2:32  Metabolic Boost  
  28  2:36  Overlord  
  28  2:41  Overlord  
  28  2:54  Zergling x6  
  28  2:55  Zergling x2  
  28  2:56  Drone  
  34  2:58  Drone  
  34  3:04  Drone  
  35  3:05  Zergling x2  
  35  3:12  Drone  
  37  3:13  Zergling x2  
  38  3:27  Zergling x2  
  38  3:30  Drone x2  
  38  3:33  Zergling x2  
  42  3:39  Zergling x2  
  42  3:40  Overlord  
  43  3:41  Zergling x2  
  43  3:43  Hatchery  
  43  3:44  Zergling x2  
  44  3:53  Overlord  
  44  4:04  Zergling x4  
  44  4:05  Zergling x2  
  44  4:06  Zergling x2  
  44  4:07  Zergling x4  
  50  4:14  Zergling x2  
  51  4:19  Drone x3  
  51  4:21  Zergling x2  
  55  4:39  Hatchery  
  55  4:44  Zergling x6  
  55  4:45  Drone, Zergling x2  
  57  5:01  Zergling x4  
  57  5:02  Drone, Zergling x2  
  57  5:03  Zergling x2  
  58  5:19  Zergling x4  
  58  5:20  Zergling x6  
  56  5:35  Zergling x2  
  56  5:36  Zergling x6  
  52  6:02  Zergling x6  
  52  6:03  Zergling x10  
  56  6:15  Zergling x6  
  56  6:16  Zergling x10  
  63  6:23  Zergling x6  
  63  6:24  Zergling x2  
  57  6:47  Zergling x4  
  57  6:48  Zergling x8  
  57  6:53  Drone  
  64  6:54  Drone, Roach Warren  
  64  6:55  Drone x3, Extractor  
  66  7:05  Zergling x2  
  66  7:06  Drone  
  66  7:07  Zergling x6  
  71  7:22  Hatchery  
  70  7:29  Hatchery  
  52  7:46  Zergling x8  
  52  7:47  Zergling x10  
  52  7:48  Zergling x12  
  61  8:03  Zergling x10  
  61  8:04  Zergling x6  
  67  8:10  Roach x2  
  66  8:22  Drone x2  
  66  8:23  Roach x2  
  66  8:25  Lair  
  72  8:36  Roach  
  72  8:37  Roach x2  
  72  8:38  Overlord x4  
  78  8:58  Roach x2  
  78  8:59  Roach x5  
  78  9:00  Roach x5  
  91  9:16  Roach x7  
  91  9:17  Roach x3  
  104  9:18  Roach  
  99  9:26  Roach x2  
  99  9:27  Roach x4  
  109  9:34  Drone  
  109  9:35  Drone  
  111  9:49  Evolution Chamber  
  111  9:51  Evolution Chamber  
  95  10:02  Roach x3  
  95  10:03  Roach x3  
  95  10:04  Zergling x10  
  95  10:05  Zergling x8  
  95  10:06  Zergling x4  
  66  10:17  Zergling x8  
  66  10:21  Zergling x4  
  64  10:35  Roach  
  59  10:36  Roach  
Show
View Real Time Build Order
Export as new Build Order

Massa Terran 

Build Orders:  

Get SALT Encoding   

  12  0:02  SCV  
  13  0:14  SCV  
  13  0:19  Supply Depot  
  14  0:26  SCV  
  15  0:34  Refinery  
  15  0:40  SCV  
  16  0:46  Barracks  
  16  0:52  SCV  
  17  1:04  SCV  
  17  1:07  Supply Depot  
  18  1:17  SCV  
  19  1:29  SCV  
  20  1:33  Reaper  
  21  1:46  Barracks  
  21  1:54  Orbital Command  
  21  1:56  Factory  
  21  2:07  Refinery  
  21  2:09  Marine  
  22  2:22  SCV  
  23  2:27  Marine  
  24  2:34  SCV  
  25  2:54  Barracks Tech Lab, Factory Tech Lab  
  25  2:57  Barracks Tech Lab  
  25  2:58  Barracks  
  25  3:17  Marauder  
  25  3:18  Marauder  
  28  3:20  Stimpack  
  28  3:24  Cyclone  
  31  3:38  Concussive Shells  
  31  3:43  Supply Depot  
  31  3:45  Supply Depot  
  31  3:48  Supply Depot  
  31  3:50  Supply Depot  
  31  3:52  Engineering Bay  
  31  4:04  Cyclone  
  31  4:05  Marauder x2  
  31  4:06  Barracks Reactor  
  38  4:26  Marauder x2  
  38  4:30  Starport  
  42  4:46  Marine x2  
  42  4:47  Marauder  
  42  4:48  Marauder  
  42  4:51  Widow Mine  
  50  5:04  Marine x2  
  50  5:06  Terran Infantry Weapons Level 1  
  52  5:08  Marine x2  
  48  5:25  Marine x2  
  48  5:27  Marauder x2  
  44  5:29  Widow Mine  
  46  5:48  Marauder  
  48  6:00  Marauder, Marine x2  
  52  6:09  Marauder  
  52  6:18  Marine x2  
  38  6:24  Marauder  
  34  6:31  Marauder  
  36  6:35  Medivac  
  36  6:36  Marine  
  39  6:45  Widow Mine  
  39  6:46  Marauder  
  43  6:52  Marauder  
  45  7:03  SCV  
  45  7:05  Command Center  
  45  7:07  Widow Mine  
  48  7:09  Marauder, Marine x2  
  48  7:15  SCV  
  46  7:46  Marauder x2, Marine x2  
  52  8:03  Marine  
  52  8:04  Marine  
  48  8:07  Marauder x2  
  46  8:21  Marine x2  
  46  8:29  Marauder x2  
  50  8:39  Marine x2  
  52  8:50  Marauder x2  
  56  8:57  Marine x2  
  55  9:11  Marauder x2  
  55  9:15  Marine x2  
  45  9:32  Marine  
  45  9:33  Marauder x2, Marine  
  43  9:54  Marauder x2  
  43  10:03  Marine x2  
  35  10:16  Marauder x2  
  35  10:18  Siege Tank  
  35  10:21  Marine x2  
Show
View Real Time Build Order
Export as new Build Order

довакин Protoss - Winner!

Build Orders: 1 Gate Expand 

Get SALT Encoding   

  12  0:02  Probe (Chrono Boost)  
  14  0:14  Probe (Chrono Boost)  
  14  0:19  Probe (Chrono Boost)  
  14  0:26  Pylon  
  15  0:44  Probe, Gateway  
  16  0:50  Assimilator  
  16  0:56  Probe  
  17  1:08  Probe  
  18  1:20  Nexus  
  18  1:32  Cybernetics Core  
  18  1:37  Pylon  
  18  1:39  Probe  
  19  1:48  Assimilator  
  19  1:51  Probe (Chrono Boost)  
  20  2:03  Probe (Chrono Boost)  
  21  2:09  Probe (Chrono Boost), Gateway  
  21  2:12  Shield Battery  
  22  2:19  Stalker (Chrono Boost)  
  24  2:33  Probe (Chrono Boost)  
  24  2:34  Probe (Chrono Boost)  
  26  2:37  Warp Gate (Chrono Boost)  
  28  2:44  Probe (Chrono Boost)  
  28  2:47  Probe (Chrono Boost)  
  28  2:49  Probe (Chrono Boost)  
  29  2:56  Probe  
  29  2:57  Twilight Council  
  30  3:00  Probe  
  31  3:08  Probe, Pylon  
  31  3:12  Probe  
  33  3:20  Probe  
  33  3:24  Probe  
  35  3:29  Robotics Facility  
  35  3:32  Probe  
  36  3:36  Probe (Chrono Boost)  
  37  3:42  Charge  
  39  3:48  Probe (Chrono Boost)  
  39  3:50  Probe (Chrono Boost)  
  39  3:57  Pylon  
  39  3:58  Probe x2 (Chrono Boost)  
  41  4:08  Probe, Nexus  
  41  4:09  Probe  
  43  4:10  Pylon  
  43  4:12  Pylon  
  43  4:17  Pylon  
  43  4:18  Sentry  
  43  4:19  Sentry  
  47  4:26  Probe x2  
  48  4:33  Observer  
  48  4:37  Assimilator  
  48  4:38  Probe x2  
  50  4:39  Assimilator  
  50  4:42  Stalker  
  50  4:43  Stalker  
  55  4:50  Probe  
  56  4:57  Pylon  
  56  4:59  Pylon  
  56  5:01  Pylon  
  56  5:12  Zealot x2  
  54  5:34  Stalker  
  54  5:35  Stalker  
  52  5:46  Probe  
  52  5:47  Probe  
  52  5:49  Immortal (Chrono Boost)  
  58  5:54  Gateway  
  58  5:56  Gateway  
  58  5:58  Probe, Gateway, Zealot  
  58  6:00  Gateway  
  59  6:07  Zealot  
  36  6:33  Probe  
  36  6:34  Probe  
  37  6:46  Probe x2  
  39  6:50  Zealot  
  41  6:58  Probe  
  42  7:03  Probe  
  43  7:11  Pylon  
  43  7:13  Pylon  
  43  7:16  Probe (Chrono Boost)  
  43  7:17  Probe (Chrono Boost)  
  45  7:25  Zealot x4  
  45  7:26  Probe (Chrono Boost)  
  45  7:27  Probe (Chrono Boost)  
  55  7:31  Probe x2 (Chrono Boost)  
  55  7:33  Nexus  
  55  7:34  Templar Archives  
  55  7:35  Forge  
  55  7:36  Zealot  
  57  7:37  Zealot, Forge  
  57  7:38  Forge  
  57  7:43  Probe  
  56  7:49  Shield Battery  
  56  7:50  Shield Battery  
  56  8:01  Zealot x5  
  65  8:18  Pylon  
  65  8:23  Stalker x2  
  69  8:29  Pylon  
  69  8:40  Nexus  
  66  8:42  High Templar x2  
  66  8:43  High Templar x2, Pylon  
  66  8:46  Pylon  
  66  8:48  Pylon  
  73  8:49  Archon x2  
  72  9:05  Probe  
  72  9:06  Probe  
  72  9:07  Zealot x2  
  60  9:24  Zealot x3  
  60  9:25  Zealot  
  66  9:38  Zealot x2  
  59  10:08  Zealot  
  59  10:09  Zealot x5  
  59  10:13  Probe x2  
  71  10:25  Probe x2  
  73  10:35  Zealot x3  
  70  10:36  Zealot  
Show
View Real Time Build Order
Export as new Build Order

Ekidona Terran - Winner!

Build Orders: Reaper Expand 

Get SALT Encoding   

  12  0:00  SCV  
  13  0:12  SCV  
  14  0:17  Supply Depot  
  14  0:24  SCV  
  15  0:39  SCV  
  15  0:40  Barracks  
  16  0:43  Refinery  
  16  0:51  SCV  
  17  1:03  SCV  
  18  1:15  SCV  
  19  1:30  Orbital Command  
  19  1:31  Reaper  
  19  1:41  Command Center  
  19  1:52  Barracks  
  19  1:56  SCV  
  20  2:05  Barracks Reactor  
  20  2:09  Refinery  
  20  2:14  Supply Depot  
  20  2:15  SCV  
  21  2:25  Factory  
  21  2:27  SCV  
  22  2:39  SCV  
  22  2:42  Marine x2  
  22  2:43  Barracks Tech Lab  
  24  2:51  SCV  
  24  2:53  Orbital Command  
  25  3:00  Marine  
  25  3:03  SCV  
  27  3:06  Stimpack  
  27  3:15  Factory Reactor  
  27  3:19  Starport, Marine  
  28  3:22  SCV  
  28  3:24  SCV  
  30  3:27  Factory Reactor  
  30  3:30  Marine  
  30  3:33  Marine  
  32  3:34  SCV  
  32  3:37  SCV  
  32  3:41  Supply Depot  
  34  3:43  Marine  
  34  3:46  SCV  
  36  3:49  Marine  
  36  3:50  SCV  
  36  3:52  Marine  
  39  3:58  SCV  
  39  4:00  Marine  
  39  4:02  SCV  
  42  4:07  Marine  
  42  4:10  SCV  
  42  4:12  Medivac  
  42  4:13  Medivac  
  42  4:15  Factory Tech Lab, SCV  
  48  4:19  Marine  
  48  4:20  Supply Depot  
  48  4:21  Marine  
  48  4:23  SCV  
  51  4:25  Marine  
  51  4:28  SCV  
  53  4:31  Barracks  
  53  4:37  Marine  
  54  4:41  Marine  
  54  4:42  SCV, Siege Tank  
  59  4:49  Marine  
  60  4:55  Marine  
  60  4:56  SCV  
  62  5:10  Supply Depot  
  62  5:18  Marine  
  62  5:19  Reaper  
  62  5:20  SCV, Marine  
  61  5:22  Medivac  
  58  5:30  Barracks Reactor  
  58  5:33  Siege Tank  
  58  5:35  Barracks x2  
  61  5:36  Marine  
  61  5:38  Marine  
  61  5:40  SCV x2  
  61  5:42  Supply Depot  
  65  5:43  Supply Depot  
  63  5:51  Marine  
  63  5:54  Marine  
  63  5:55  Marine  
  66  5:59  Medivac  
  66  6:01  SCV x2  
  66  6:03  Refinery x2  
  70  6:09  Marine  
  70  6:10  Marine  
  71  6:12  Marine  
  71  6:13  SCV, Marine  
  68  6:26  Marine x4  
  68  6:28  Marine  
  68  6:29  Marine  
  68  6:31  Marine  
  75  6:34  Command Center  
  75  6:36  SCV x2  
  77  6:42  Engineering Bay x2  
  77  6:43  Marine, Supply Depot  
  77  6:44  Marine  
  77  6:46  Marine  
  82  6:47  Marine  
  82  6:48  SCV x2  
  84  6:54  Barracks Reactor x2, Combat Shield  
  84  7:00  SCV  
  84  7:01  SCV  
  85  7:05  Medivac x2, Siege Tank  
  85  7:06  Supply Depot  
  92  7:10  Supply Depot  
  92  7:12  Supply Depot  
  92  7:13  SCV  
  92  7:15  SCV  
  94  7:20  Terran Infantry Armor Level 1, Terran Infantry Weapons Level 1  
  94  7:25  SCV  
  83  7:35  Marine x9  
  82  7:46  Orbital Command  
  76  7:53  Marine x9  
  82  7:59  SCV  
  82  8:00  SCV  
  82  8:01  Siege Tank  
  87  8:10  Marine  
  87  8:11  Armory, Marine x5  
  87  8:12  SCV x2  
  95  8:13  Marine x2  
  95  8:14  Marine  
  97  8:21  SCV  
  97  8:24  Refinery, SCV  
  96  8:28  Marine  
  96  8:29  Marine x3  
  96  8:40  SCV  
  97  8:53  Marine  
  97  8:54  Marine x8  
  104  9:11  Marine  
  104  9:12  Marine x8  
  104  9:15  Siege Tank  
  110  9:26  SCV  
  110  9:27  SCV  
  110  9:29  Marine x4  
  110  9:30  Marine x5, Medivac x2  
  125  9:47  Marine x5, Siege Tank  
  125  9:48  Factory  
  125  9:51  Starport  
  133  9:53  SCV x2, Barracks, Marine x4, Supply Depot  
  133  9:59  Medivac  
  138  10:05  Marine x5  
  138  10:08  SCV x2  
  138  10:10  Refinery  
  138  10:11  Marine x2  
  142  10:15  SCV  
  142  10:16  Supply Depot  
  142  10:17  Supply Depot  
  142  10:19  Siege Tank  
  142  10:20  SCV x2  
  148  10:27  SCV  
  151  10:29  Starport Reactor  
  151  10:44  Barracks Reactor, Factory Tech Lab  
Tags
 
Add a new tag
Caveats
  • Supply blocks, unpowered buildings, or Contaminate may cause inaccurate times.
  • Supply counts are checked every 10 seconds.